 Dungeon Sprint DCSS version 0.28-a0-1387-g3a22ab9bdc (webtiles) character file.

Game seed: 7180784090439884496

1627 mhtbhm the Imperceptible (level 8, -15/43 HPs)
             Began as a Spriggan Brigand on Jan 2, 2022.
             Was a Believer of Trog.
             Demolished by a skeletal warrior (23 damage)
             ... in the Dungeon (Sprint IX: "|||||||||||||||||||||||||||||").
             The game lasted 00:02:30 (1079 turns).

mhtbhm the Imperceptible (Spriggan Brigand)         Turns: 1079, Time: 00:02:30

Health: -15/43     AC:  3    Str:  7    XL:     8   Next: 65%
Magic:  9/9        EV: 24    Int: 13    God:    Trog [**....]
Gold:   0          SH:  0    Dex: 21    Spells: 7/7 levels left

rFire   . . .      SeeInvis +   a - +2 rapier (distort)
rCold   . . .      Faith    .   (no shield)
rNeg    . . .      Spirit   .   b - +0 robe
rPois   .          Reflect  .   (helmet restricted)
rElec   .          Harm     .   m - +0 cloak
rCorr   .          Rampage  .   (gloves unavailable)
Will    +....      NoTele   +   (boots unavailable)
Stlth   ++++++++..              (no amulet)
HPRegen 0.14/turn               n - +3 ring of dexterity
MPRegen 0.11/turn               o - +2 ring of evasion

@: very quick
A: very small, no large weapons, unfitting armour, see invisible, speed 3
a: Renounce Religion, Berserk, Trog's Hand


You were in the Dungeon.
You worshipped Trog.
Trog was pleased with you.
You visited 1 branch

Inventory:

Hand Weapons
 a - a +2 rapier of distortion (weapon)
Missiles
 d - 3 poisoned darts (quivered)
 e - a curare-tipped dart
Armour
 b - a +0 robe (worn)
 c - a +0 cloak
 m - a +0 cloak (worn)
Jewellery
 n - a +3 ring of dexterity (left hand)
 o - a +2 ring of evasion (right hand)
Wands
 l - a wand of iceblast (2)
Scrolls
 k - a scroll of blinking
Potions
 f - 5 potions of curing
 g - 3 potions of heal wounds
 h - a potion of haste
 i - 4 potions of magic
 j - a potion of invisibility


   Skills:
 + Level 5.1 Fighting
 + Level 9.0 Short Blades
 + Level 7.7 Throwing
 + Level 6.8 Dodging
 + Level 21.2 Stealth
 + Level 3.3 Evocations


You had 7 spell levels left.
You didn't know any spells.
Your spell library was empty.

Dungeon Overview and Level Annotations

Branches:
Dungeon (1/1)

Altars:
Cheibriados
Dithmenos
Elyvilon
Fedhas
Gozag
Hepliaklqana
Kikubaaqudgha
Makhleb
Nemelex Xobeh
Okawaru
Qazlal
Ru
Sif Muna
Trog
Uskayaw
Vehumet
Wu Jian
Xom
Yredelemnul
Zin
The Shining One
Beogh
Jiyva
Lugonu


Innate Abilities, Weirdness & Mutations

You are very small and have problems with some larger weapons.
You are too small for most types of armour.
You have supernaturally acute eyesight. (SInv)
You cover ground extremely quickly. (Speed+++)


Message History

You puncture the skeletal warrior!
The skeletal warrior is lightly damaged.
The skeletal warrior blinks!
The cyclops throws a large rock.
The large rock closely misses you.
The large rock hits the wraith but does no damage.
The wraith completely misses you.
Unknown command.
The wraith completely misses you.
The cyclops throws a large rock.
The large rock completely misses you.
The large rock hits the wraith!!
Things that are here:
a +0 shortbow; 28 arrows; a centaur corpse You puncture the wraith!
Space warps horribly around the wraith!
You destroy the wraith!
Trog accepts your kill.
Your Short Blades skill increases to level 9!
There is an open door here.
Unknown command.
You puncture the skeletal warrior!
Space warps around the skeletal warrior.
The skeletal warrior is moderately damaged.
The skeletal warrior hits you with a +0 mace.
Unknown command.
You hit the skeletal warrior but do no damage.
Space warps horribly around the skeletal warrior!
The skeletal warrior is heavily damaged.
The cyclops throws a large rock.
The large rock hits you!
You barely miss the skeletal warrior.
The skeletal warrior is heavily damaged.
The skeletal warrior completely misses you.
Unknown command.
You hit the skeletal warrior.
Space warps horribly around the skeletal warrior!
The skeletal warrior is severely damaged.
The skeletal warrior hits you with a +0 mace!
* * * LOW HITPOINT WARNING * * *
You closely miss the skeletal warrior.
The skeletal warrior is severely damaged.
The skeletal warrior hits you with a +0 mace!!
Ouch! That really hurt!
You die...

▓+▓
▓.▓
▓C▓
▓.▓
▓c▓
▓C▓
▓)▓
▓@▓
▓z▓
▓.▓
▓.▓
▓.▓
▓.▓
▓)▓
▓'▓
▓.▓


You could see a skeletal warrior, a centaur warrior and 2 cyclopes.

Vanquished Creatures
  A two-headed ogre (D)
  A centaur warrior (D)
  A wraith (D)
  A steam dragon (D)
  An orc warrior (D)
  An ogre (D)
  A scorpion (D)
  A wight (D)
  2 adders (D)
  An ufetubus (D)
  A giant cockroach (D)
  A frilled lizard (D)
  2 goblins (D)
  A kobold (D)
  A quokka zombie (D)
17 creatures vanquished.

Notes
Turn   | Place    | Note
-------+----------+-------------------------------------------
     0 | D        | mhtbhm the Spriggan Brigand began the quest for the Orb.
     0 | D        | Reached XP level 1. HP: 10/10 MP: 2/2
     7 | D        | Reached skill level 6 in Stealth
    15 | D        | Reached skill level 7 in Stealth
   263 | D        | Noticed an ogre
   263 | D        | Noticed a scorpion
   265 | D        | Killed a scorpion
   266 | D        | Reached skill level 11 in Stealth
   266 | D        | Reached XP level 2. HP: 16/16 MP: 3/3
   266 | D        | Reached XP level 3. HP: 19/19 MP: 4/4
   278 | D        | Reached XP level 4. HP: 23/23 MP: 5/5
   286 | D        | Killed an ogre
   287 | D        | Reached skill level 13 in Stealth
   287 | D        | Reached XP level 5. HP: 20/28 MP: 6/6
   296 | D        | Reached skill level 5 in Short Blades
   296 | D        | Reached skill level 14 in Stealth
   463 | D        | Found a snail-covered altar of Cheibriados.
   463 | D        | Found a shadowy altar of Dithmenos.
   463 | D        | Found a white marble altar of Elyvilon.
   463 | D        | Found a blossoming altar of Fedhas.
   463 | D        | Found an opulent altar of Gozag.
   464 | D        | Found a hazy altar of Hepliaklqana.
   465 | D        | Found a viscous altar of Jiyva.
   466 | D        | Found an ancient bone altar of Kikubaaqudgha.
   467 | D        | Found a corrupted altar of Lugonu.
   468 | D        | Found a burning altar of Makhleb.
   469 | D        | Found a sparkling altar of Nemelex Xobeh.
   470 | D        | Found an iron altar of Okawaru.
   471 | D        | Found a stormy altar of Qazlal.
   472 | D        | Found a sacrificial altar of Ru.
   473 | D        | Found a shimmering blue altar of Sif Muna.
   474 | D        | Found a bloodstained altar of Trog.
   475 | D        | Found a hide-covered altar of Uskayaw.
   476 | D        | Found a radiant altar of Vehumet.
   481 | D        | Found an ornate altar of the Wu Jian Council.
   482 | D        | Found a shimmering altar of Xom.
   483 | D        | Found a basalt altar of Yredelemnul.
   484 | D        | Found a glowing silver altar of Zin.
   485 | D        | Found a glowing golden altar of the Shining One.
   516 | D        | Became a worshipper of Trog the Wrathful
   556 | D        | Noticed a troll
   556 | D        | Noticed a two-headed ogre
   556 | D        | Noticed a steam dragon
   556 | D        | Noticed an orc warrior
   561 | D        | Killed an orc warrior
   562 | D        | Reached skill level 15 in Stealth
   575 | D        | Killed a steam dragon
   575 | D        | Reached * piety under Trog
   576 | D        | Reached skill level 5 in Throwing
   576 | D        | Reached skill level 16 in Stealth
   576 | D        | Reached XP level 6. HP: 18/33 MP: 7/7
   579 | D        | Killed a two-headed ogre
   580 | D        | Reached skill level 5 in Dodging
   580 | D        | Reached skill level 19 in Stealth
   580 | D        | Reached skill level 1 in Evocations
   580 | D        | Reached XP level 7. HP: 11/38 MP: 8/8
   741 | D        | Reached XP level 8. HP: 32/42 MP: 9/9
  1065 | D        | Noticed a cyclops
  1065 | D        | Noticed a centaur warrior
  1065 | D        | Noticed a cyclops
  1065 | D        | Noticed a skeletal warrior
  1065 | D        | Noticed a centaur warrior
  1067 | D        | Killed a centaur warrior
  1067 | D        | Reached ** piety under Trog
  1068 | D        | Reached skill level 5 in Fighting
  1068 | D        | Reached skill level 21 in Stealth
  1079 | D        | Demolished by a skeletal warrior

Illustrated notes

Levels and vault maps discovered:
D:        linesprint [early_d, line_temple, items_1, d_10, items_2, lair_1,
          lair_end, items_3, orc_1, orc_end, items_4, d_15, swamp_1, shoals_1,
          snake_1, spider_1, d_20, vaults_1, items_5, swamp_end, shoals_end,
          snake_end, spider_end, vaults_end, d_27, items_6, zot_1, zot_end,
          crypt_end, forest_end, elf_end, slime_end, tomb_end, abyss_end,
          pan_hell_end]

Skill      XL: |  1  2  3  4  5  6  7  8 |
---------------+-------------------------+-----
Stealth        | 11 13 16 19 21 | 21.2
Fighting       | 2 3 4 5 |  5.1
Short Blades   | 3 4 6 8 9 |  9.0
Throwing       | 3 5 6 7 |  7.7
Dodging        | 2 4 5 6 |  6.8
Evocations     | 1 3 |  3.3

Action                   |  1- 3 |  4- 6 |  7- 9 || total
-------------------------+-------+-------+-------++-------
Melee: Dagger            |    17 |    18 |       ||    35
       Rapier            |       |     6 |    11 ||    17
Throw: Dart              |     5 |     4 |     5 ||    14
Evoke: Wand              |       |     3 |     5 ||     8
  Use: Potion            |     1 |       |       ||     1
       Scroll            |       |       |     1 ||     1
 Stab: Sleeping          |       |     1 |     1 ||     2
       Distracted        |       |     1 |       ||     1
Armor: Robe              |     1 |       |       ||     1
Dodge: Dodged            |    20 |     8 |     9 ||    37

Table legend: (Time is in decaauts)
 A = Elapsed time spent in this place.
 B = Non-inter-level travel time spent in this place.
 C = Inter-level travel time spent in this place.
 D = Time resting spent in this place.
 E = Time spent auto-exploring this place.
 F = Levels seen in this place.
 G = Mean time per level.
                   A        B        C        D        E       F      G
               +--------+--------+--------+--------+--------+-----+--------+
         Total |    978 |    978 |      0 |    750 |      6 |   1 |  978.0 |
       Dungeon |    978 |    978 |      0 |    750 |      6 |   1 |  978.0 |
               +--------+--------+--------+--------+--------+-----+--------+

Top non-repeatable levels by time:
       D: 978 daAuts
